 Dungeon Crawl Stone Soup version 0.20-a0-492-g6327889 (webtiles) character file.

114 dobroeutro the Cudgeler (level 4, -4/28 HPs)
             Began as a Gargoyle Fighter on Jan 15, 2017.
             Slain by Sigmund
             ... wielding a +3 scythe of flaming
              (6 damage)
             ... on level 3 of the Dungeon.
             The game lasted 00:02:35 (1457 turns).

dobroeutro the Cudgeler (Gargoyle Fighter)          Turns: 1457, Time: 00:02:37

Health: -4/28      AC: 11    Str: 20    XL:     4   Next: 97%
Magic:  4/4        EV:  7    Int:  9    God:
Gold:   67         SH:  9    Dex:  9    Spells: 3/3 levels left

rFire    . . .     SeeInvis .   a - +0 flail
rCold    . . .     Gourm    +   b - +0 scale mail
rNeg     + . .     Faith    .   c - +0 shield
rPois    ∞         Spirit   .   (no helmet)
rElec    +         Reflect  .   (no cloak)
rCorr    .         Harm     .   j - +0 pair of gloves
MR       .....                  (no boots)
Stlth    ..........             s - amulet of the gourmand
Regen    0.0/turn               (no ring)
                                (no ring)

@: no status effects
A: negative energy resistance 1, electricity resistance, unbreathing,
petrification resistance, rot immunity, AC +3
a: no special abilities


You were on level 3 of the Dungeon.
You were not hungry.

You visited 1 branch of the dungeon, and saw 3 of its levels.

You collected 67 gold pieces.

Inventory:

Hand Weapons
 a - a +0 flail (weapon)
Armour
 b - a +0 scale mail (worn)
 c - a +0 shield (worn)
 j - a +0 pair of gloves (worn)
Jewellery
 s - an amulet of the gourmand (around neck)
Scrolls
 e - a scroll of recharging {unknown}
 i - a scroll of enchant weapon {unknown}
 k - a scroll of remove curse {unknown}
 n - a scroll of teleportation {unknown}
 o - 3 scrolls of amnesia {unknown}
 t - a scroll of identify {unknown}
 u - a scroll of fear {unknown}
 v - a scroll of immolation {unknown}
Potions
 d - a potion of might
 g - a potion of berserk rage {unknown}
 h - 2 potions of curing {unknown}
 p - a potion of brilliance {unknown}
 q - a potion of invisibility {unknown}
 r - a potion of ambrosia {unknown}
Comestibles
 f - 3 bread rations
 l - 3 fruits
 m - 2 beef jerkies
 w - a meat ration


   Skills:
 - Level 3.2 Fighting
 + Level 5.0 Maces & Flails
 - Level 3.2 Armour
 - Level 3.2 Shields


You had 3 spell levels left.
You didn't know any spells.

Dungeon Overview and Level Annotations

Branches:
Dungeon (3/15)

Altars:

Annotations:
D:3 Natasha, Sigmund


Innate Abilities, Weirdness & Mutations

You are resistant to torment.
Your stone body is resilient. (AC +3)
You are immune to poison.
You resist negative energy. (rN+)
You are resistant to electric shocks. (rElec)
You can survive without breathing.
You are immune to petrification.
You are immune to rotting.


Message History

Something tries to affect you, but you resist.
You stop sporulating.
Your +0 flail unmelds from your body.
Your +0 pair of gloves unmelds from your body.
Your +0 shield unmelds from your body.
Your +0 scale mail unmelds from your body.
Something hits you. Something burns you.
You closely miss something. Something hits you!
* * * LOW HITPOINT WARNING * * *
Something burns you.
* * * LOW HITPOINT WARNING * * *
You miss something. You closely miss something.
Something hits you but does no damage.
You hit something. Something hits you but does no damage.
You closely miss something. Something hits you.
* * * LOW HITPOINT WARNING * * *
Something burns you.
* * * LOW HITPOINT WARNING * * *
You miss something. Something hits you.
You die...

#.######.# #........# #..
####.######.###........#
###
#..)...................#
#.###.#####.###........#
# #.#####.########.###
#.[#.......# #.#
##.#....##.# #.#
#......##.# #.#
##.###.##@# #.# #.#
#.##{#####.#####
#.###.##.....[.....#
#..##.########.....#
##.##.# #.....#
#..#.###### #.....######
###'#......# #...........
#.†))......###...........
#.............####.).....


There were no monsters in sight!

Vanquished Creatures
  A worker ant (D:3)
  2 gnolls
  An adder (D:2)
  3 worms (D:2)
  2 orcs (D:3)
  A giant cockroach (D:3)
  7 goblins
  9 hobgoblins
  7 kobolds
  2 quokkas (D:3)
  8 bats
  5 frilled lizards
  5 rats
53 creatures vanquished.

Notes
Turn   | Place    | Note
-------+----------+-------------------------------------------
     0 | D:1      | dobroeutro the Gargoyle Fighter began the quest for the Orb.
     0 | D:1      | Reached XP level 1. HP: 14/14 MP: 1/1
   243 | D:1      | Reached XP level 2. HP: 19/19 MP: 2/2
   385 | D:1      | Reached skill level 3 in Maces & Flails
   660 | D:1      | Reached XP level 3. HP: 23/23 MP: 3/3
  1002 | D:2      | Reached skill level 4 in Maces & Flails
  1017 | D:2      | Reached XP level 4. HP: 28/28 MP: 4/4
  1112 | D:3      | Noticed Natasha
  1415 | D:3      | Noticed Sigmund
  1425 | D:3      | Reached skill level 5 in Maces & Flails
  1457 | D:3      | Slain by Sigmund

Vault maps used:
D:1:      matt_arrival_refuge, kennysheep_nondescript
D:3:      uniq_natasha, uniq_sigmund, uniq_jessica

Skill      XL: |  1  2  3  4 |
---------------+-------------+-----
Maces & Flails | 3 4 5 |  5.0
Fighting       | |  3.2
Armour         | |  3.2
Shields        | |  3.2

Action                   |  1- 3 |  4- 6 || total
-------------------------+-------+-------++-------
Melee: Flail             |   131 |    73 ||   204
       Unarmed           |       |     3 ||     3
  Eat: Chunk             |       |     3 ||     3
Armor: Scale mail        |    72 |    35 ||   107
Dodge: Dodged            |    34 |    28 ||    62
Block: Shield            |    74 |    36 ||   110
